Wiprows vs Sewer Rats
Created - 14 mars 2016 at 20:36
Goals
|
| Wiprows |
1 |
1 |
2 |
4 |
| Sewer Rats |
2 |
4 |
4 |
10 |
|
Shots
|
| Wiprows |
15 |
10 |
9 |
34 |
| Sewer Rats |
13 |
12 |
14 |
39 |
|
1st period
1. Wiprows , Matt Niskanen 4 (Drayson Bowman, T.J. Oshie) at 5:30 (PP)
2. Sewer Rats , Ville Leino 35 (Mark Mancari, Kyle Turris) at 10:33 (PP)
3. Sewer Rats , Peter Mueller 38 (John-Michael Liles, Ville Leino) at 11:12 (PP)
Penalties :
Kyle Turris (Tol) for Holding (Minor) at 5:22, Brandon Bollig (Win) for Holding (Minor) at 9:55, Matt Niskanen (Win) for High sticking (Minor) at 11:04, Jonathan Paiement (Tol) for Tripping (Minor) at 13:41
2nd period
4. Sewer Rats , Peter Mueller 39 (John-Michael Liles, Nick Palmieri) at 1:10
5. Sewer Rats , Tim Ramholt 6 (Jared Boll, Lars Eller) at 5:54
6. Wiprows , T.J. Oshie 40 (Drayson Bowman) at 6:03
7. Sewer Rats , Peter Mueller 40 (Tim Ramholt) at 7:42
8. Sewer Rats , Kyle Turris 15 (Kyle Quincey, Lars Eller) at 15:30
Penalties :
Michael Del Zotto (Win) for Holding (Minor) at 7:55
3rd period
9. Sewer Rats , Peter Mueller 41 (Ville Leino, Nick Palmieri) at 3:31
10. Sewer Rats , Nick Palmieri 36 (Ville Leino, Peter Mueller) at 3:41
11. Sewer Rats , Lars Eller 14 (Jared Boll, Mattias Ekholm) at 9:41
12. Wiprows , Tim Conboy 13 (Maxime Macenauer, Gord Baldwin) at 9:51
13. Wiprows , Eric Tangradi 14 (Michael Del Zotto, Matt Beleskey) at 10:35 (PP)
14. Sewer Rats , Kyle Turris 16 (Tim Ramholt, John-Michael Liles) at 14:33 (PP)
Penalties :
John-Michael Liles (Tol) for Hooking (Minor) at 0:37, Kyle Turris (Tol) for Tripping (Minor) at 7:09, Peter Mueller (Tol) for Tripping (Minor) at 10:00, Matt Beleskey (Win) for Hooking (Minor) at 14:00, Matt Lashoff (Tol) for Slashing (Double Minor) at 16:08
Goalie Stats
Calvin Pickard (Win), 8 saves from 12 shots - (0,667), 21:59 minutes
Anders Lindback (Win), 21 saves from 27 shots - (0,778), L, 14-19-6, 38:01 minutes
Martin Biron (Tol), 30 saves from 34 shots - (0,882), W, 1-1-0, 60:00 minutes
Players Stats for Wiprows
Player Name G A P +/- PIM S H SB GA TA FO MP PP MP PK MP
------------------------------------------------------------------------------------
Anton Lander 0 0 0 -3 0 1 1 1 0 1 21/35 22:26 4:11 2:05
Brandon Bollig 0 0 0 0 2 2 0 1 0 0 0/0 8:50 0:46 0:00
Cade Fairchild 0 0 0 -2 0 0 0 0 0 0 0/0 9:43 0:17 0:00
Drayson Bowman 0 2 2 -4 0 1 1 0 1 1 0/1 22:29 5:33 0:00
Eric Tangradi 1 0 1 0 0 2 2 1 0 0 0/3 17:44 4:12 0:44
Gord Baldwin 0 1 1 -2 0 0 1 1 0 1 0/0 11:33 0:17 1:50
Jonathan Tremblay 0 0 0 0 0 3 2 0 0 0 0/0 8:34 0:00 0:29
Jordan Szwarz 0 0 0 -2 0 3 1 0 0 0 0/0 10:03 0:54 0:00
Kevin Connauton 0 0 0 1 0 0 2 1 0 0 0/0 19:25 4:17 0:57
Matt Beleskey 0 1 1 -1 2 2 0 1 1 0 0/0 12:33 4:12 0:00
Matt Niskanen 1 0 1 -4 2 4 2 3 2 0 0/0 30:03 5:57 1:33
Maxime Macenauer 0 1 1 0 0 1 0 0 0 0 4/14 13:27 0:00 0:29
Michael Chaput 0 0 0 0 0 0 1 0 0 0 5/12 14:02 5:24 0:44
Michael Del Zotto 0 1 1 -4 2 5 4 2 3 0 0/0 29:10 5:57 0:39
T.J. Oshie 1 1 2 -3 0 6 1 0 0 0 0/1 23:42 5:25 2:05
Thomas Hickey 0 0 0 1 0 2 1 1 0 1 0/0 20:05 4:17 1:37
Tim Conboy 1 0 1 0 0 1 1 2 1 0 0/0 12:58 0:00 0:00
Tim Schaller 0 0 0 -2 0 1 1 0 0 0 0/2 9:51 0:56 0:00
Players Stats for Sewer Rats
Player Name G A P +/- PIM S H SB GA TA FO MP PP MP PK MP
------------------------------------------------------------------------------------
Derek Dorsett 0 0 0 0 0 3 2 0 0 0 1/1 7:19 0:00 0:00
Jared Boll 0 2 2 2 0 3 1 0 0 0 0/0 9:51 0:00 0:00
Jarred Tinordi 0 0 0 2 0 0 0 0 0 0 0/0 4:55 0:00 0:31
John Lammers 0 0 0 2 0 1 1 0 0 0 1/1 12:33 0:00 2:42
John-Michael Liles 0 3 3 4 2 0 1 2 1 2 0/0 25:34 1:53 5:04
Jonathan Marchessault 0 0 0 0 0 1 1 0 0 0 3/4 7:19 0:00 0:00
Jonathan Paiement 0 0 0 0 2 0 0 0 0 0 0/0 12:02 0:00 2:38
Kyle Quincey 0 1 1 -1 0 2 0 2 0 1 0/0 18:55 1:25 3:37
Kyle Turris 2 1 3 1 4 5 2 0 0 0 7/11 14:31 1:24 0:41
Lars Eller 1 2 3 2 0 2 2 0 0 1 2/4 12:03 0:00 2:12
Mark Mancari 0 1 1 1 0 2 1 1 1 0 1/1 16:31 1:24 2:36
Matt Lashoff 0 0 0 -1 4 1 1 2 0 1 0/0 17:18 1:25 2:01
Mattias Ekholm 0 1 1 2 0 0 2 0 0 0 0/0 5:12 0:00 0:48
Nick Palmieri 1 2 3 2 0 4 0 0 1 1 1/1 20:57 1:54 2:36
Patrick Bordeleau 0 0 0 0 0 1 0 0 0 0 0/0 7:19 0:00 0:00
Peter Mueller 4 1 5 2 2 9 3 0 0 0 17/36 23:15 1:54 4:52
Steven Kampfer 0 0 0 0 0 1 0 0 0 1 0/0 9:16 0:00 0:00
Tim Ramholt 1 2 3 4 0 1 1 0 1 1 0/0 26:54 1:53 6:23
Ville Leino 1 3 4 2 0 3 3 1 0 0 5/9 23:47 1:54 5:23
Vojtech Polak 0 0 0 1 0 0 0 0 0 0 0/0 13:52 1:24 0:00
3 Stars
1 - Peter Mueller (Tol)
2 - Ville Leino (Tol)
3 - Tim Ramholt (Tol)
Power Play
Wiprows - 2 on 7 Attempt(s) - 28,57%
Sewer Rats - 3 on 4 Attempt(s) - 75,00%
Penalty Kill
Wiprows - 1 on 4 Attempt(s) - 25,00%
- Score 0 goal in Penalty Kill
Sewer Rats - 5 on 7 Attempt(s) - 71,43%
- Score 0 goal in Penalty Kill
Team Stat
Wiprows - Hits : 21 - Faceoff Wins : 30 - Blocked Shots : 14 - Penalty Minutes : 8
Sewer Rats - Hits : 21 - Faceoff Wins : 38 - Blocked Shots : 8 - Penalty Minutes : 14
Official
Referees : LaRue Dennis and Pochmara Brian
Linesman : Jean Morin and Brian Mach
Game Notes
13:49 of 1st period - Wiprows goal is going for a video replay. After video review, No Goal. The puck has been kicked using a distinct kicking motion.
Peter Mueller has scored a Hat Trick!
Calvin Pickard enters game at 7:42 of 2nd period
Anders Lindback enters game at 9:41 of 3rd period
Finance
Level 1 -- Attendance: 1396 (69,80%) -- Ticket Income 41 880 $
Level 2 -- Attendance: 705 (70,50%) -- Ticket Income 8 460 $
Total Attendance: 2101 (70,03%)
Total Ticket Income: 50 340 $
Other Income: 2 517 $
Total Income: 52 857 $
Wiprows
5 vs 5 Forward
Center Left Wing Right Wing Time % Phy DF OF
1 Anton Lander Drayson Bowman T.J. Oshie 40 0 2 3
2 Maxime Macenauer Eric Tangradi Tim Conboy 30 1 2 2
3 Michael Chaput Brandon Bollig Jonathan Tremblay 20 1 2 2
4 Tim Schaller Matt Beleskey Jordan Szwarz 10 1 2 2
5 vs 5 Defense
Defense Defense Time % Phy DF OF
1 Michael Del Zotto Matt Niskanen 40 1 2 2
2 Thomas Hickey Kevin Connauton 30 1 2 2
3 Gord Baldwin Cade Fairchild 20 1 2 2
4 Michael Del Zotto Matt Niskanen 10 1 2 2
PowerPlay Forward
Center Left Wing Right Wing Time % Phy DF OF
1 Michael Chaput Drayson Bowman T.J. Oshie 60 0 0 5
2 Anton Lander Eric Tangradi Matt Beleskey 40 0 0 5
PowerPlay Defense
Defense Defense Time % Phy DF OF
1 Michael Del Zotto Matt Niskanen 60 0 1 4
2 Thomas Hickey Kevin Connauton 40 0 1 4
Penalty Kill 4 Players Forward
Center Wing Time % Phy DF OF
1 Anton Lander T.J. Oshie 60 0 5 0
2 Maxime Macenauer Jonathan Tremblay 40 0 5 0
Penalty Kill 4 Players Defense
Defense Defense Time % Phy DF OF
1 Michael Del Zotto Matt Niskanen 60 1 4 0
2 Thomas Hickey Gord Baldwin 40 1 4 0
Penalty Kill - 3 Players Forward
Forward Time % Phy DF OF
1 Anton Lander 60 0 5 0
2 Maxime Macenauer 40 0 5 0
Penalty Kill - 3 Players Defense
Defense Defense Time % Phy DF OF
1 Michael Del Zotto Matt Niskanen 60 1 4 0
2 Thomas Hickey Gord Baldwin 40 1 4 0
4 vs 4 Forward
Center Wing Time % Phy DF OF
1 Anton Lander T.J. Oshie 60 1 2 2
2 Maxime Macenauer Eric Tangradi 40 1 2 2
4 vs 4 Defense
Defense Defense Time % Phy DF OF
1 Michael Del Zotto Matt Niskanen 60 1 2 2
2 Thomas Hickey Kevin Connauton 40 1 2 2
Last Minutes Offensive
Center Left Wing Right Wing Defense Defense
Anton Lander Drayson Bowman T.J. Oshie Michael Del Zotto Matt Niskanen
Last Minutes Defensive
Center Left Wing Right Wing Defense Defense
Maxime Macenauer Brandon Bollig Jonathan Tremblay Michael Del Zotto Matt Niskanen
Goaltenders
Starting : Anders Lindback
Backup : Calvin Pickard
Extra Forwards
Normal : Drayson Bowman, Jordan Szwarz, Eric Tangradi - PP : Drayson Bowman, Matt Beleskey - PK : Anton Lander
Extra Defensemen
Normal : Michael Del Zotto, Matt Niskanen, Thomas Hickey - PP : Kevin Connauton - PK : Michael Del Zotto, Gord Baldwin
Penalty Shots
Brandon Bollig, T.J. Oshie, Matt Beleskey, Jonathan Tremblay, Tim Conboy
Sewer Rats
5 vs 5 Forward
Center Left Wing Right Wing Time % Phy DF OF
1 Peter Mueller Ville Leino Nick Palmieri 40 1 2 2
2 Kyle Turris Vojtech Polak Mark Mancari 30 1 2 2
3 Lars Eller John Lammers Jared Boll 20 1 2 2
4 Jonathan Marchessault Patrick Bordeleau Derek Dorsett 10 1 2 2
5 vs 5 Defense
Defense Defense Time % Phy DF OF
1 Tim Ramholt John-Michael Liles 40 1 2 2
2 Matt Lashoff Kyle Quincey 30 1 2 2
3 Steven Kampfer Jonathan Paiement 20 1 2 2
4 Mattias Ekholm Jarred Tinordi 10 1 2 2
PowerPlay Forward
Center Left Wing Right Wing Time % Phy DF OF
1 Peter Mueller Ville Leino Nick Palmieri 60 1 2 2
2 Kyle Turris Vojtech Polak Mark Mancari 40 1 2 2
PowerPlay Defense
Defense Defense Time % Phy DF OF
1 Tim Ramholt John-Michael Liles 60 1 2 2
2 Matt Lashoff Kyle Quincey 40 1 2 2
Penalty Kill 4 Players Forward
Center Wing Time % Phy DF OF
1 Ville Leino Peter Mueller 60 1 2 2
2 Nick Palmieri Mark Mancari 40 1 2 2
Penalty Kill 4 Players Defense
Defense Defense Time % Phy DF OF
1 Tim Ramholt John-Michael Liles 60 1 2 2
2 Matt Lashoff Kyle Quincey 40 1 2 2
Penalty Kill - 3 Players Forward
Forward Time % Phy DF OF
1 Ville Leino 60 1 2 2
2 Peter Mueller 40 1 2 2
Penalty Kill - 3 Players Defense
Defense Defense Time % Phy DF OF
1 Tim Ramholt John-Michael Liles 60 1 2 2
2 Matt Lashoff Kyle Quincey 40 1 2 2
4 vs 4 Forward
Center Wing Time % Phy DF OF
1 Ville Leino Peter Mueller 60 1 2 2
2 Nick Palmieri Mark Mancari 40 1 2 2
4 vs 4 Defense
Defense Defense Time % Phy DF OF
1 Tim Ramholt John-Michael Liles 60 1 2 2
2 Matt Lashoff Kyle Quincey 40 1 2 2
Last Minutes Offensive
Center Left Wing Right Wing Defense Defense
Peter Mueller Ville Leino Nick Palmieri Tim Ramholt John-Michael Liles
Last Minutes Defensive
Center Left Wing Right Wing Defense Defense
Peter Mueller Ville Leino Nick Palmieri Tim Ramholt John-Michael Liles
Goaltenders
Starting : Martin Biron
Backup : Richard Bachman
Extra Forwards
Normal : Jared Boll, Derek Dorsett, Lars Eller - PP : Jared Boll, Derek Dorsett - PK : Lars Eller
Extra Defensemen
Normal : Steven Kampfer, Jonathan Paiement, Mattias Ekholm - PP : Steven Kampfer - PK : Jonathan Paiement, Mattias Ekholm
Penalty Shots
Ville Leino, Peter Mueller, Nick Palmieri, Mark Mancari, Vojtech Polak
% Time on Ice - Wiprows
Lines # - Real PCT - Wanted PCT - Time Play
Normal Forward
1 - 36% - 40% - 16:46
2 - 28% - 30% - 12:58
3 - 18% - 20% - 8:05
4 - 18% - 10% - 8:22
Normal Defense
1 - 42% - 40% - 19:14
2 - 31% - 30% - 14:10
3 - 20% - 20% - 9:26
4 - 7% - 10% - 3:21
PP Forward
1 - 60% - 60% - 6:17
2 - 40% - 40% - 4:14
PP Defense
1 - 59% - 60% - 6:14
2 - 41% - 40% - 4:17
PK Forward
1 - 85% - 60% - 2:49
2 - 15% - 40% - 0:29
PK Defense
1 - 80% - 60% - 2:38
2 - 20% - 40% - 0:40
PK3 Forward
1 - 0% - 60%
2 - 0% - 40%
PK3 Defense
1 - 0% - 60%
2 - 0% - 40%
44 Forward
1 - 0% - 60%
2 - 0% - 40%
44 Defense
1 - 0% - 60%
2 - 0% - 40%
Last Minute Offensive - 0:00
Last Minute Defensive - 0:00
Total
Forward - 60:00
Defense - 60:00
|
% Time on Ice - Sewer Rats
Lines # - Real PCT - Wanted PCT - Time Play
Normal Forward
1 - 36% - 40% - 16:30
2 - 27% - 30% - 12:31
3 - 21% - 20% - 9:51
4 - 16% - 10% - 7:19
Normal Defense
1 - 40% - 40% - 18:38
2 - 30% - 30% - 13:53
3 - 20% - 20% - 9:16
4 - 10% - 10% - 4:24
PP Forward
1 - 58% - 60% - 1:54
2 - 42% - 40% - 1:24
PP Defense
1 - 57% - 60% - 1:53
2 - 43% - 40% - 1:25
PK Forward
1 - 75% - 60% - 7:55
2 - 25% - 40% - 2:36
PK Defense
1 - 61% - 60% - 6:23
2 - 39% - 40% - 4:08
PK3 Forward
1 - 0% - 60%
2 - 0% - 40%
PK3 Defense
1 - 0% - 60%
2 - 0% - 40%
44 Forward
1 - 0% - 60%
2 - 0% - 40%
44 Defense
1 - 0% - 60%
2 - 0% - 40%
Last Minute Offensive - 0:00
Last Minute Defensive - 0:00
Total
Forward - 60:00
Defense - 60:00
|
Play by Play
1st period
0:01 of 1st period - Anton Lander wins face-off versus Peter Mueller in neutral zone.
0:04 of 1st period - Wrist shot by T.J. Oshie.
0:04 of 1st period - Shot Blocked by John-Michael Liles.
0:06 of 1st period - Wrist shot by Anton Lander.
0:06 of 1st period - Shot Misses the Net.
0:08 of 1st period - Slapshot by Matt Niskanen.
0:08 of 1st period - Deflect By Anton Lander.
0:08 of 1st period - Stopped by Martin Biron with a rebound.
0:26 of 1st period - Eric Tangradi is hit by Kyle Turris and loses puck.
1:05 of 1st period - Matt Beleskey is hit by Jonathan Marchessault.
1:37 of 1st period - Off-side.
1:38 of 1st period - Mark Mancari wins face-off versus Maxime Macenauer in neutral zone.
1:53 of 1st period - Snap shot by Mark Mancari.
1:53 of 1st period - Stopped by Anders Lindback with a rebound.
2:10 of 1st period - Wrist shot by Peter Mueller.
2:10 of 1st period - Stopped by Anders Lindback with a rebound.
2:30 of 1st period - John Lammers is hit by Jonathan Tremblay and loses puck.
2:51 of 1st period - Wrist shot by Patrick Bordeleau.
2:51 of 1st period - Shot Blocked by Matt Niskanen.
2:53 of 1st period - Slapshot by Mattias Ekholm.
2:53 of 1st period - Deflect By Derek Dorsett.
2:53 of 1st period - Shot Blocked by Matt Niskanen.
2:53 of 1st period - Puck is out of play.
2:54 of 1st period - Anton Lander wins face-off versus Kyle Turris in Wiprows zone.
3:19 of 1st period - Eric Tangradi is hit by Peter Mueller.
3:25 of 1st period - Backhand shot by Eric Tangradi.
3:25 of 1st period - Stopped by Martin Biron with a rebound.
4:01 of 1st period - Snap shot by T.J. Oshie.
4:01 of 1st period - Stopped by Martin Biron without a rebound.
4:02 of 1st period - Anton Lander wins face-off versus Jonathan Marchessault in Sewer Rats zone.
4:03 of 1st period - Snap shot by T.J. Oshie.
4:03 of 1st period - Shot Blocked by Kyle Quincey.
4:15 of 1st period - Wrist shot by Derek Dorsett.
4:15 of 1st period - Stopped by Anders Lindback without a rebound.
4:16 of 1st period - Peter Mueller wins face-off versus Maxime Macenauer in Wiprows zone.
4:48 of 1st period - Slapshot by Vojtech Polak.
4:48 of 1st period - Deflect By Kyle Turris.
4:48 of 1st period - Stopped by Anders Lindback without a rebound.
4:49 of 1st period - Peter Mueller wins face-off versus Anton Lander in Wiprows zone.
5:00 of 1st period - Backhand shot by Nick Palmieri.
5:00 of 1st period - Deflect By Peter Mueller.
5:00 of 1st period - Shot Misses the Net.
5:00 of 1st period - Puck is out of play.
5:01 of 1st period - Kyle Turris wins face-off versus Maxime Macenauer in Wiprows zone.
5:22 of 1st period - Minor Penalty to Kyle Turris for Holding.
5:23 of 1st period - Michael Chaput wins face-off versus Ville Leino in Sewer Rats zone.
5:28 of 1st period - Snap shot by Drayson Bowman.
5:28 of 1st period - Shot Blocked by Ville Leino.
5:30 of 1st period - Snap shot by Matt Niskanen.
5:30 of 1st period - Goal by Matt Niskanen - Wiprows : 1 - Sewer Rats : 0.
5:31 of 1st period - Anton Lander wins face-off versus Peter Mueller in neutral zone.
5:33 of 1st period - Off-side.
5:34 of 1st period - Anton Lander wins face-off versus Peter Mueller in neutral zone.
5:49 of 1st period - Ville Leino is hit by Anton Lander and loses puck.
6:24 of 1st period - Jared Boll is hit by Matt Niskanen and loses puck.
7:28 of 1st period - Snap shot by Jonathan Tremblay.
7:28 of 1st period - Shot Misses the Net.
7:57 of 1st period - Snap shot by Jared Boll.
7:57 of 1st period - Stopped by Anders Lindback without a rebound.
7:58 of 1st period - Jonathan Marchessault wins face-off versus Tim Schaller in Wiprows zone.
7:59 of 1st period - Wrist shot by Derek Dorsett.
7:59 of 1st period - Stopped by Anders Lindback with a rebound.
8:21 of 1st period - Wrist shot by Jordan Szwarz.
8:21 of 1st period - Stopped by Martin Biron with a rebound.
8:23 of 1st period - Wrist shot by Thomas Hickey.
8:23 of 1st period - Shot Blocked by Kyle Quincey.
8:25 of 1st period - Slapshot by Kevin Connauton.
8:25 of 1st period - Shot Blocked by Matt Lashoff.
8:51 of 1st period - Backhand shot by Matt Beleskey.
8:51 of 1st period - Stopped by Martin Biron with a rebound.
8:53 of 1st period - Slapshot by Thomas Hickey.
8:53 of 1st period - Shot Blocked by Matt Lashoff.
8:55 of 1st period - Slapshot by Kevin Connauton.
8:55 of 1st period - Shot Misses the Net.
8:57 of 1st period - Snap shot by Tim Schaller.
8:57 of 1st period - Stopped by Martin Biron without a rebound.
8:58 of 1st period - Anton Lander wins face-off versus Lars Eller in Sewer Rats zone.
8:59 of 1st period - Wrist shot by T.J. Oshie.
8:59 of 1st period - Stopped by Martin Biron without a rebound.
9:00 of 1st period - Lars Eller wins face-off versus Anton Lander in Sewer Rats zone.
9:05 of 1st period - Snap shot by John Lammers.
9:05 of 1st period - Stopped by Anders Lindback with a rebound.
9:10 of 1st period - Off-side.
9:11 of 1st period - Peter Mueller wins face-off versus Anton Lander in neutral zone.
9:55 of 1st period - Minor Penalty to Brandon Bollig for Holding.
9:56 of 1st period - Anton Lander wins face-off versus Peter Mueller in Wiprows zone.
10:09 of 1st period - Slapshot by Ville Leino.
10:09 of 1st period - Stopped by Anders Lindback with a rebound.
10:11 of 1st period - Slapshot by John-Michael Liles.
10:11 of 1st period - Shot Misses the Net.
10:33 of 1st period - Snap shot by Ville Leino.
10:33 of 1st period - Goal by Ville Leino - Wiprows : 1 - Sewer Rats : 1.
10:34 of 1st period - Anton Lander wins face-off versus Peter Mueller in neutral zone.
10:43 of 1st period - Snap shot by Drayson Bowman.
10:43 of 1st period - Stopped by Martin Biron without a rebound.
10:44 of 1st period - Peter Mueller wins face-off versus Anton Lander in Sewer Rats zone.
10:44 of 1st period - Peter Mueller is hit by Matt Niskanen.
11:02 of 1st period - Wrist shot by Peter Mueller.
11:02 of 1st period - Shot Misses the Net.
11:04 of 1st period - Minor Penalty to Matt Niskanen for High sticking.
11:05 of 1st period - Peter Mueller wins face-off versus Anton Lander in Wiprows zone.
11:10 of 1st period - Snap shot by Peter Mueller.
11:10 of 1st period - Shot Misses the Net.
11:12 of 1st period - Backhand shot by John-Michael Liles.
11:12 of 1st period - Deflect By Peter Mueller.
11:12 of 1st period - Goal by Peter Mueller - Wiprows : 1 - Sewer Rats : 2.
11:13 of 1st period - Anton Lander wins face-off versus Peter Mueller in neutral zone.
11:16 of 1st period - Nick Palmieri is hit by Michael Del Zotto and loses puck.
11:23 of 1st period - Slapshot by Peter Mueller.
11:23 of 1st period - Shot Misses the Net.
11:25 of 1st period - Snap shot by Tim Ramholt.
11:25 of 1st period - Shot Misses the Net.
11:41 of 1st period - Icing by Michael Del Zotto.
11:42 of 1st period - Anton Lander wins face-off versus Lars Eller in Wiprows zone.
11:42 of 1st period - Anton Lander is hit by Jared Boll.
12:30 of 1st period - Tim Ramholt is hit by Michael Del Zotto and loses puck.
12:57 of 1st period - Snap shot by Jonathan Marchessault.
12:57 of 1st period - Stopped by Anders Lindback with a rebound.
12:59 of 1st period - Slapshot by Jonathan Paiement.
12:59 of 1st period - Deflect By Derek Dorsett.
12:59 of 1st period - Shot Misses the Net.
12:59 of 1st period - Puck is out of play.
13:00 of 1st period - Kyle Turris wins face-off versus Maxime Macenauer in Wiprows zone.
13:15 of 1st period - Snap shot by Tim Conboy.
13:15 of 1st period - Shot Misses the Net.
13:41 of 1st period - Minor Penalty to Jonathan Paiement for Tripping.
13:42 of 1st period - Michael Chaput wins face-off versus Ville Leino in Sewer Rats zone.
13:45 of 1st period - Slapshot by Michael Del Zotto.
13:45 of 1st period - Shot Misses the Net.
13:47 of 1st period - Slapshot by Matt Niskanen.
13:47 of 1st period - Stopped by Martin Biron with a rebound.
13:49 of 1st period - Snap shot by Matt Niskanen.
13:49 of 1st period - Deflect By T.J. Oshie.
13:49 of 1st period - Wiprows goal is going for a video replay.
13:49 of 1st period - The goal is refused. The puck has been kicked using a distinct kicking motion..
13:50 of 1st period - Ville Leino wins face-off versus Michael Chaput in Sewer Rats zone.
14:15 of 1st period - Matt Beleskey is hit by Ville Leino and loses puck.
14:22 of 1st period - Slapshot by Michael Del Zotto.
14:22 of 1st period - Stopped by Martin Biron with a rebound.
14:35 of 1st period - Nick Palmieri is hit by T.J. Oshie and loses puck.
15:41 of 1st period - Penalty to Jonathan Paiement is over, Jonathan Paiement is back on ice.
16:01 of 1st period - Steven Kampfer is hit by Tim Schaller and loses puck.
16:28 of 1st period - Cade Fairchild is hit by Mattias Ekholm.
17:04 of 1st period - Jonathan Paiement is hit by Thomas Hickey and loses puck.
17:33 of 1st period - Snap shot by Nick Palmieri.
17:33 of 1st period - Shot Blocked by Tim Conboy.
17:45 of 1st period - Snap shot by Jonathan Tremblay.
17:45 of 1st period - Deflect By Michael Chaput.
17:45 of 1st period - Shot Misses the Net.
17:45 of 1st period - Puck is out of play.
17:46 of 1st period - Jonathan Marchessault wins face-off versus Michael Chaput in Sewer Rats zone.
17:46 of 1st period - Jonathan Marchessault is hit by Jonathan Tremblay.
17:54 of 1st period - Thomas Hickey is hit by Derek Dorsett and loses puck.
18:56 of 1st period - Snap shot by Lars Eller.
18:56 of 1st period - Stopped by Anders Lindback without a rebound.
18:57 of 1st period - Nick Palmieri wins face-off versus Anton Lander in Wiprows zone.
19:06 of 1st period - Drayson Bowman is hit by Ville Leino and loses puck.
19:11 of 1st period - Wrist shot by Nick Palmieri.
19:11 of 1st period - Shot Hit the Post.
19:13 of 1st period - Snap shot by Nick Palmieri.
19:13 of 1st period - Stopped by Anders Lindback with a rebound.
19:27 of 1st period - Snap shot by Jonathan Tremblay.
19:27 of 1st period - Deflect By Brandon Bollig.
19:27 of 1st period - Stopped by Martin Biron with a rebound.
19:29 of 1st period - Slapshot by Brandon Bollig.
19:29 of 1st period - Shot Blocked by Mark Mancari.
19:31 of 1st period - Snap shot by Jonathan Tremblay.
19:31 of 1st period - Stopped by Martin Biron without a rebound.
19:32 of 1st period - Maxime Macenauer wins face-off versus Peter Mueller in Sewer Rats zone.
19:48 of 1st period - Wrist shot by Matt Niskanen.
19:48 of 1st period - Stopped by Martin Biron without a rebound.
19:49 of 1st period - Anton Lander wins face-off versus Kyle Turris in Sewer Rats zone.
19:58 of 1st period - Michael Del Zotto is hit by Mark Mancari and loses puck.
Goals for this period are 1 for Wiprows vs 2 for Sewer Rats.
Shots for this period are 15 for Wiprows vs 13 for Sewer Rats.
2nd period
0:01 of 2nd period - Anton Lander wins face-off versus Peter Mueller in neutral zone.
0:09 of 2nd period - Icing by Nick Palmieri.
0:10 of 2nd period - Anton Lander wins face-off versus Peter Mueller in Sewer Rats zone.
0:50 of 2nd period - Wrist shot by T.J. Oshie.
0:50 of 2nd period - Shot Misses the Net.
1:02 of 2nd period - Wrist shot by Peter Mueller.
1:02 of 2nd period - Stopped by Anders Lindback with a rebound.
1:04 of 2nd period - Slapshot by Tim Ramholt.
1:04 of 2nd period - Deflect By Ville Leino.
1:04 of 2nd period - Stopped by Anders Lindback with a rebound.
1:06 of 2nd period - Wrist shot by Nick Palmieri.
1:06 of 2nd period - Stopped by Anders Lindback with a rebound.
1:08 of 2nd period - Slapshot by John-Michael Liles.
1:08 of 2nd period - Shot Blocked by Anton Lander.
1:10 of 2nd period - Backhand shot by Peter Mueller.
1:10 of 2nd period - Goal by Peter Mueller - Wiprows : 1 - Sewer Rats : 3.
1:11 of 2nd period - Kyle Turris wins face-off versus Eric Tangradi in neutral zone.
1:15 of 2nd period - Wrist shot by Vojtech Polak.
1:15 of 2nd period - Deflect By Kyle Turris.
1:15 of 2nd period - Stopped by Anders Lindback with a rebound.
1:17 of 2nd period - Snap shot by Mark Mancari.
1:17 of 2nd period - Shot Blocked by Kevin Connauton.
1:38 of 2nd period - Thomas Hickey is hit by Lars Eller and loses puck.
2:01 of 2nd period - Wrist shot by Jared Boll.
2:01 of 2nd period - Deflect By Patrick Bordeleau.
2:01 of 2nd period - Shot Blocked by Gord Baldwin.
2:01 of 2nd period - Puck is out of play.
2:02 of 2nd period - Jonathan Marchessault wins face-off versus Tim Schaller in Wiprows zone.
2:19 of 2nd period - Tim Ramholt is hit by Jordan Szwarz and loses puck.
2:32 of 2nd period - Snap shot by Matt Beleskey.
2:32 of 2nd period - Shot Misses the Net.
2:34 of 2nd period - Slapshot by Thomas Hickey.
2:34 of 2nd period - Stopped by Martin Biron with a rebound.
2:36 of 2nd period - Snap shot by Thomas Hickey.
2:36 of 2nd period - Shot Misses the Net.
2:38 of 2nd period - Wrist shot by Matt Beleskey.
2:38 of 2nd period - Shot Misses the Net.
2:48 of 2nd period - Slapshot by Jordan Szwarz.
2:48 of 2nd period - Deflect By Matt Beleskey.
2:48 of 2nd period - Stopped by Martin Biron without a rebound.
2:49 of 2nd period - Peter Mueller wins face-off versus Drayson Bowman in Sewer Rats zone.
2:49 of 2nd period - Peter Mueller is hit by Gord Baldwin.
3:20 of 2nd period - Off-side.
3:21 of 2nd period - Kyle Turris wins face-off versus Maxime Macenauer in neutral zone.
3:24 of 2nd period - Maxime Macenauer is hit by Tim Ramholt and loses puck.
3:39 of 2nd period - Maxime Macenauer is hit by Kyle Turris and loses puck.
4:40 of 2nd period - Slapshot by Patrick Bordeleau.
4:40 of 2nd period - Stopped by Anders Lindback with a rebound.
4:52 of 2nd period - Kyle Turris is hit by Tim Conboy and loses puck.
5:03 of 2nd period - Slapshot by Michael Del Zotto.
5:03 of 2nd period - Stopped by Martin Biron with a rebound.
5:36 of 2nd period - Slapshot by Brandon Bollig.
5:36 of 2nd period - Stopped by Martin Biron without a rebound.
5:37 of 2nd period - Lars Eller wins face-off versus Maxime Macenauer in Sewer Rats zone.
5:52 of 2nd period - Snap shot by Jared Boll.
5:52 of 2nd period - Shot Blocked by Tim Conboy.
5:54 of 2nd period - Slapshot by Tim Ramholt.
5:54 of 2nd period - Goal by Tim Ramholt - Wiprows : 1 - Sewer Rats : 4.
5:55 of 2nd period - Peter Mueller wins face-off versus Anton Lander in neutral zone.
6:03 of 2nd period - Snap shot by T.J. Oshie.
6:03 of 2nd period - Goal by T.J. Oshie - Wiprows : 2 - Sewer Rats : 4.
6:04 of 2nd period - Anton Lander wins face-off versus Peter Mueller in neutral zone.
6:42 of 2nd period - Snap shot by Tim Conboy.
6:42 of 2nd period - Shot Misses the Net.
7:16 of 2nd period - Thomas Hickey is hit by Derek Dorsett and loses puck.
7:33 of 2nd period - T.J. Oshie is hit by Ville Leino and loses puck.
7:42 of 2nd period - Snap shot by Peter Mueller.
7:42 of 2nd period - Goal by Peter Mueller - Wiprows : 2 - Sewer Rats : 5.
7:42 of 2nd period - Calvin Pickard enters game.
7:43 of 2nd period - Peter Mueller wins face-off versus Anton Lander in neutral zone.
7:50 of 2nd period - Backhand shot by Peter Mueller.
7:50 of 2nd period - Shot Blocked by Michael Del Zotto.
7:55 of 2nd period - Minor Penalty to Michael Del Zotto for Holding.
7:56 of 2nd period - Anton Lander wins face-off versus Ville Leino in Wiprows zone.
8:06 of 2nd period - Slapshot by Matt Niskanen.
8:06 of 2nd period - Shot Misses the Net.
8:12 of 2nd period - Snap shot by Nick Palmieri.
8:12 of 2nd period - Shot Misses the Net.
9:42 of 2nd period - Vojtech Polak is hit by Michael Chaput and loses puck.
9:55 of 2nd period - Penalty to Michael Del Zotto is over, Michael Del Zotto is back on ice.
10:05 of 2nd period - Matt Lashoff is hit by Michael Del Zotto and loses puck.
10:12 of 2nd period - Matt Beleskey is hit by Mattias Ekholm and loses puck.
10:27 of 2nd period - Slapshot by Michael Del Zotto.
10:27 of 2nd period - Stopped by Martin Biron without a rebound.
10:28 of 2nd period - Derek Dorsett wins face-off versus Anton Lander in Sewer Rats zone.
10:33 of 2nd period - Slapshot by Steven Kampfer.
10:33 of 2nd period - Stopped by Calvin Pickard with a rebound.
10:35 of 2nd period - Snap shot by Patrick Bordeleau.
10:35 of 2nd period - Shot Misses the Net.
10:37 of 2nd period - Wrist shot by Derek Dorsett.
10:37 of 2nd period - Shot Hit the Post.
10:39 of 2nd period - Slapshot by Jonathan Paiement.
10:39 of 2nd period - Deflect By Derek Dorsett.
10:39 of 2nd period - Stopped by Calvin Pickard with a rebound.
11:15 of 2nd period - Steven Kampfer is hit by Kevin Connauton and loses puck.
12:14 of 2nd period - Snap shot by Derek Dorsett.
12:14 of 2nd period - Shot Misses the Net.
12:50 of 2nd period - Wrist shot by Thomas Hickey.
12:50 of 2nd period - Deflect By Peter Mueller.
12:50 of 2nd period - Stopped by Martin Biron with a rebound.
14:06 of 2nd period - Snap shot by Mark Mancari.
14:06 of 2nd period - Stopped by Calvin Pickard with a rebound.
14:28 of 2nd period - Snap shot by Derek Dorsett.
14:28 of 2nd period - Shot Misses the Net.
14:30 of 2nd period - Snap shot by Derek Dorsett.
14:30 of 2nd period - Shot Blocked by Matt Niskanen.
14:48 of 2nd period - Snap shot by T.J. Oshie.
14:48 of 2nd period - Shot Misses the Net.
14:50 of 2nd period - Slapshot by Michael Del Zotto.
14:50 of 2nd period - Stopped by Martin Biron with a rebound.
15:30 of 2nd period - Snap shot by Kyle Turris.
15:30 of 2nd period - Goal by Kyle Turris - Wiprows : 2 - Sewer Rats : 6.
15:31 of 2nd period - Anton Lander wins face-off versus Peter Mueller in neutral zone.
15:53 of 2nd period - Icing by Peter Mueller.
15:54 of 2nd period - Peter Mueller wins face-off versus Eric Tangradi in Sewer Rats zone.
16:24 of 2nd period - Slapshot by T.J. Oshie.
16:24 of 2nd period - Shot Misses the Net.
16:52 of 2nd period - Thomas Hickey is hit by John Lammers and loses puck.
17:00 of 2nd period - Off-side.
17:01 of 2nd period - Michael Chaput wins face-off versus Peter Mueller in neutral zone.
17:06 of 2nd period - Slapshot by Jonathan Tremblay.
17:06 of 2nd period - Stopped by Martin Biron without a rebound.
17:07 of 2nd period - Michael Chaput wins face-off versus Peter Mueller in Sewer Rats zone.
17:08 of 2nd period - Backhand shot by Jonathan Tremblay.
17:08 of 2nd period - Stopped by Martin Biron with a rebound.
18:46 of 2nd period - Matt Niskanen is hit by Peter Mueller and loses puck.
18:57 of 2nd period - Snap shot by Derek Dorsett.
18:57 of 2nd period - Shot Misses the Net.
19:29 of 2nd period - Snap shot by John Lammers.
19:29 of 2nd period - Shot Misses the Net.
Goals for this period are 1 for Wiprows vs 4 for Sewer Rats.
Shots for this period are 10 for Wiprows vs 12 for Sewer Rats.
3rd period
0:01 of 3rd period - Peter Mueller wins face-off versus Anton Lander in neutral zone.
0:25 of 3rd period - Kyle Turris is hit by Eric Tangradi and loses puck.
0:37 of 3rd period - Minor Penalty to John-Michael Liles for Hooking.
0:38 of 3rd period - Ville Leino wins face-off versus Michael Chaput in Sewer Rats zone.
2:12 of 3rd period - Off-side.
2:13 of 3rd period - John Lammers wins face-off versus Michael Chaput in neutral zone.
2:37 of 3rd period - Penalty to John-Michael Liles is over, John-Michael Liles is back on ice.
2:42 of 3rd period - Off-side.
2:43 of 3rd period - Maxime Macenauer wins face-off versus Kyle Turris in neutral zone.
2:45 of 3rd period - Off-side.
2:46 of 3rd period - Kyle Turris wins face-off versus Maxime Macenauer in neutral zone.
3:15 of 3rd period - Snap shot by T.J. Oshie.
3:15 of 3rd period - Stopped by Martin Biron without a rebound.
3:16 of 3rd period - Peter Mueller wins face-off versus Anton Lander in Sewer Rats zone.
3:31 of 3rd period - Slapshot by Peter Mueller.
3:31 of 3rd period - Goal by Peter Mueller - Wiprows : 2 - Sewer Rats : 7.
3:32 of 3rd period - Peter Mueller wins face-off versus T.J. Oshie in neutral zone.
3:41 of 3rd period - Snap shot by Nick Palmieri.
3:41 of 3rd period - Goal by Nick Palmieri - Wiprows : 2 - Sewer Rats : 8.
3:42 of 3rd period - Anton Lander wins face-off versus Peter Mueller in neutral zone.
4:07 of 3rd period - Maxime Macenauer is hit by Matt Lashoff and loses puck.
4:30 of 3rd period - Snap shot by Jared Boll.
4:30 of 3rd period - Shot Misses the Net.
4:32 of 3rd period - Wrist shot by Jared Boll.
4:32 of 3rd period - Shot Blocked by Brandon Bollig.
5:00 of 3rd period - Backhand shot by Matt Lashoff.
5:00 of 3rd period - Deflect By Drayson Bowman.
5:00 of 3rd period - Stopped by Calvin Pickard with a rebound.
5:02 of 3rd period - Slapshot by Kyle Quincey.
5:02 of 3rd period - Stopped by Calvin Pickard without a rebound.
5:03 of 3rd period - Peter Mueller wins face-off versus Eric Tangradi in Wiprows zone.
5:04 of 3rd period - Wrist shot by Ville Leino.
5:04 of 3rd period - Shot Misses the Net.
5:21 of 3rd period - Tim Conboy is hit by Peter Mueller and loses puck.
5:56 of 3rd period - Wrist shot by Jared Boll.
5:56 of 3rd period - Stopped by Calvin Pickard with a rebound.
5:58 of 3rd period - Slapshot by Tim Ramholt.
5:58 of 3rd period - Shot Blocked by Thomas Hickey.
6:00 of 3rd period - Snap shot by Jared Boll.
6:00 of 3rd period - Stopped by Calvin Pickard without a rebound.
6:01 of 3rd period - Anton Lander wins face-off versus Peter Mueller in Wiprows zone.
6:10 of 3rd period - Snap shot by Peter Mueller.
6:10 of 3rd period - Stopped by Calvin Pickard with a rebound.
6:40 of 3rd period - Vojtech Polak is hit by Kevin Connauton and loses puck.
6:57 of 3rd period - Slapshot by Matt Niskanen.
6:57 of 3rd period - Shot Misses the Net.
6:59 of 3rd period - Slapshot by Michael Del Zotto.
6:59 of 3rd period - Stopped by Martin Biron with a rebound.
7:01 of 3rd period - Wrist shot by Jordan Szwarz.
7:01 of 3rd period - Stopped by Martin Biron with a rebound.
7:03 of 3rd period - Slapshot by Jordan Szwarz.
7:03 of 3rd period - Stopped by Martin Biron with a rebound.
7:09 of 3rd period - Minor Penalty to Kyle Turris for Tripping.
7:10 of 3rd period - Michael Chaput wins face-off versus Ville Leino in Sewer Rats zone.
9:09 of 3rd period - Penalty to Kyle Turris is over, Kyle Turris is back on ice.
9:25 of 3rd period - Snap shot by Derek Dorsett.
9:25 of 3rd period - Shot Misses the Net.
9:41 of 3rd period - Snap shot by Lars Eller.
9:41 of 3rd period - Goal by Lars Eller - Wiprows : 2 - Sewer Rats : 9.
9:41 of 3rd period - Anders Lindback enters game.
9:42 of 3rd period - Maxime Macenauer wins face-off versus Peter Mueller in neutral zone.
9:49 of 3rd period - Snap shot by Maxime Macenauer.
9:49 of 3rd period - Stopped by Martin Biron with a rebound.
9:51 of 3rd period - Wrist shot by Tim Conboy.
9:51 of 3rd period - Goal by Tim Conboy - Wiprows : 3 - Sewer Rats : 9.
9:52 of 3rd period - Maxime Macenauer wins face-off versus Peter Mueller in neutral zone.
10:00 of 3rd period - Minor Penalty to Peter Mueller for Tripping.
10:01 of 3rd period - Ville Leino wins face-off versus Michael Chaput in Sewer Rats zone.
10:35 of 3rd period - Snap shot by Michael Del Zotto.
10:35 of 3rd period - Deflect By Eric Tangradi.
10:35 of 3rd period - Goal by Eric Tangradi - Wiprows : 4 - Sewer Rats : 9.
10:36 of 3rd period - Anton Lander wins face-off versus Kyle Turris in neutral zone.
10:41 of 3rd period - Snap shot by Matt Niskanen.
10:41 of 3rd period - Stopped by Martin Biron without a rebound.
10:42 of 3rd period - Kyle Turris wins face-off versus Anton Lander in Sewer Rats zone.
10:51 of 3rd period - Off-side.
10:52 of 3rd period - Anton Lander wins face-off versus Peter Mueller in neutral zone.
11:07 of 3rd period - Snap shot by T.J. Oshie.
11:07 of 3rd period - Stopped by Martin Biron with a rebound.
11:45 of 3rd period - Snap shot by Jared Boll.
11:45 of 3rd period - Shot Misses the Net.
12:38 of 3rd period - Mark Mancari is hit by Eric Tangradi and loses puck.
13:30 of 3rd period - Snap shot by Nick Palmieri.
13:30 of 3rd period - Stopped by Anders Lindback with a rebound.
13:32 of 3rd period - Slapshot by Kyle Quincey.
13:32 of 3rd period - Shot Misses the Net.
13:34 of 3rd period - Snap shot by Peter Mueller.
13:34 of 3rd period - Shot Blocked by Michael Del Zotto.
13:54 of 3rd period - Slapshot by Derek Dorsett.
13:54 of 3rd period - Shot Blocked by Matt Beleskey.
14:00 of 3rd period - Minor Penalty to Matt Beleskey for Hooking.
14:01 of 3rd period - Anton Lander wins face-off versus Peter Mueller in Wiprows zone.
14:29 of 3rd period - Snap shot by Mark Mancari.
14:29 of 3rd period - Shot Misses the Net.
14:31 of 3rd period - Slapshot by John-Michael Liles.
14:31 of 3rd period - Shot Misses the Net.
14:33 of 3rd period - Snap shot by Tim Ramholt.
14:33 of 3rd period - Deflect By Kyle Turris.
14:33 of 3rd period - Goal by Kyle Turris - Wiprows : 4 - Sewer Rats : 10.
14:34 of 3rd period - Peter Mueller wins face-off versus Maxime Macenauer in neutral zone.
14:37 of 3rd period - Wrist shot by Peter Mueller.
14:37 of 3rd period - Stopped by Anders Lindback without a rebound.
14:38 of 3rd period - Peter Mueller wins face-off versus Maxime Macenauer in Wiprows zone.
14:39 of 3rd period - Wrist shot by Ville Leino.
14:39 of 3rd period - Shot Misses the Net.
14:41 of 3rd period - Slapshot by Kyle Quincey.
14:41 of 3rd period - Stopped by Anders Lindback with a rebound.
14:43 of 3rd period - Snap shot by Kyle Quincey.
14:43 of 3rd period - Deflect By Peter Mueller.
14:43 of 3rd period - Stopped by Anders Lindback with a rebound.
14:45 of 3rd period - Snap shot by Ville Leino.
14:45 of 3rd period - Shot Misses the Net.
14:47 of 3rd period - Snap shot by Ville Leino.
14:47 of 3rd period - Shot Misses the Net.
14:49 of 3rd period - Snap shot by Matt Lashoff.
14:49 of 3rd period - Shot Blocked by Eric Tangradi.
14:51 of 3rd period - Slapshot by Kyle Quincey.
14:51 of 3rd period - Deflect By Ville Leino.
14:51 of 3rd period - Shot Misses the Net.
14:51 of 3rd period - Puck is out of play.
14:52 of 3rd period - Peter Mueller wins face-off versus Anton Lander in Wiprows zone.
14:56 of 3rd period - Icing by Matt Niskanen.
14:57 of 3rd period - Peter Mueller wins face-off versus Anton Lander in Wiprows zone.
15:26 of 3rd period - Snap shot by Kyle Turris.
15:26 of 3rd period - Stopped by Anders Lindback without a rebound.
15:27 of 3rd period - Kyle Turris wins face-off versus Maxime Macenauer in Wiprows zone.
16:08 of 3rd period - Double Minor Penalty to Matt Lashoff for Slashing.
16:09 of 3rd period - Ville Leino wins face-off versus Michael Chaput in Sewer Rats zone.
16:22 of 3rd period - Slapshot by Michael Del Zotto.
16:22 of 3rd period - Deflect By Michael Chaput.
16:22 of 3rd period - Shot Blocked by John-Michael Liles.
16:22 of 3rd period - Puck is out of play.
16:23 of 3rd period - Ville Leino wins face-off versus Michael Chaput in Sewer Rats zone.
16:23 of 3rd period - Ville Leino is hit by Drayson Bowman.
17:43 of 3rd period - Kevin Connauton is hit by Lars Eller and loses puck.
18:48 of 3rd period - Ville Leino is hit by Michael Del Zotto and loses puck.
19:17 of 3rd period - Tim Schaller is hit by John-Michael Liles and loses puck.
Goals for this period are 2 for Wiprows vs 4 for Sewer Rats.
Shots for this period are 9 for Wiprows vs 14 for Sewer Rats.
Back to the Top